 Dungeon Crawl Stone Soup version 0.24.0-41-g2ae2f7f1be (console) character file.

Game seed: 3872322279292852612, levelgen mode: deterministic

1008 Kagalorn the Grappler (level 8, -2/59 HPs)
             Began as a Purple Draconian Transmuter on Dec 9, 2019.
             Killed by divine providence
             ... invoked by an orc priest
              (14 damage)
             ... on level 5 of the Dungeon.
             The game lasted 00:12:31 (5260 turns).

Kagalorn the Grappler (Purple Draconian Transmuter) Turns: 5260, Time: 00:12:31

Health: -2/59      AC:  2    Str: 13    XL:     8   Next: 1%
Magic:  8/11       EV: 19    Int: 16    God:
Gold:   84         SH:  0    Dex: 16    Spells: 7/11 levels left

rFire    . . .     SeeInvis .     - Unarmed
rCold    . . .     Gourm    .   (shield currently unavailable)
rNeg     . . .     Faith    .   (armour unavailable)
rPois    x         Spirit   .   (helmet currently unavailable)
rElec    .         Reflect  .   (cloak currently unavailable)
rCorr    .         Harm     .   (gloves currently unavailable)
MR       +....                  (boots currently unavailable)
Stlth    +++.......             (no amulet)
HPRegen  0.19/turn              u - ring of stealth
MPRegen  0.12/turn              (no ring)

@: spider-form
A: tiny, (breathe power), unfitting armour, AC +6
a: End Transformation


You were on level 5 of the Dungeon.
You were hungry.
You were a venomous arachnid creature.
You visited 1 branch of the dungeon, and saw 5 of its levels.

You collected 213 gold pieces.
You spent 129 gold pieces at shops.

Inventory:

Armour
 i - a +0 pair of boots (melded)
Jewellery
 u - a ring of stealth (left front leg)
Scrolls
 b - 2 scrolls of amnesia
 d - 3 scrolls of remove curse
 f - 4 scrolls of teleportation {unknown}
 g - a scroll of enchant weapon {unknown}
 m - 2 scrolls of fear {unknown}
 n - 2 scrolls of blinking {unknown}
 p - a scroll of random uselessness {unknown}
 r - a scroll of holy word {unknown}
 w - a scroll of immolation {unknown}
Potions
 a - 3 potions of heal wounds {unknown}
 e - 2 potions of haste
 h - 3 potions of curing
 j - 3 potions of degeneration
 k - 2 potions of invisibility {unknown}
 l - a potion of might
 o - a potion of brilliance
 q - a potion of resistance
 s - 2 potions of mutation
 t - a potion of flight
 v - 3 potions of lignification
 x - a potion of cancellation {unknown}
 z - a potion of experience {unknown}
Comestibles
 c - 8 rations
 A - a chunk of flesh


   Skills:
 * Level 1.1 Fighting
 - Level 1.7 Dodging
 - Level 2.0 Stealth
 * Level 8.3 Unarmed Combat
 - Level 2.4 Spellcasting
 * Level 4.6 Transmutations
 + Level 1.2 Poison Magic


You had 7 spell levels left.
You knew the following spells:

 Your Spells              Type           Power        Failure   Level  Hunger
a - Beastly Appendage     Tmut           ###...       11%         1    #......
b - Spider Form           Tmut/Pois      ##........   38%         3    ###....

Your spell library contained the following spells:

 Spells                   Type           Power        Failure   Level  Hunger
 Sticks to Snakes         Tmut           ###.....     14%         2    ###....
 Ice Form                 Ice/Tmut       #.......     80%         4    #####..
 Blade Hands              Tmut           ###.......   82%         5    ######.


Dungeon Overview and Level Annotations

Branches:
Dungeon (5/15)
 Temple: D:4-7

Altars:
Dithmenos
Kikubaaqudgha
Nemelex Xobeh
Ru
Uskayaw
Xom
Zin

Shops:
D:5 =*


Innate Abilities, Weirdness & Mutations

((You can breathe bolts of dispelling energy.))
((Your rich purple scales are hard. (AC +6)))
You cannot fit into any form of body armour.
((You are cold-blooded and may be slowed by cold attacks.))


Message History

Beogh smites you!
The orc moves out of view.
You hear a shout!
You bite the ogre!
The ogre is moderately wounded.
The orc shouts!
You bite the ogre!
The ogre is severely wounded.
The ogre closely misses you. The orc closely misses you.
You closely miss the orc priest.
The orc hits you from afar with a +0 trident.
The orc priest invokes the aid of Beogh against you.
Beogh smites you!
The ogre hits you with a +0 giant spiked club!
* * * LOW HITPOINT WARNING * * *
You bite the orc priest!
The orc priest is severely wounded.
The orc priest closely misses you. The orc completely misses you.
The orc priest calls down the wrath of Beogh upon you.
Beogh smites you!
You die...

#####.#### #.# #.#.......#
.........# #.# #.#.###.#.#
....#....# #.# #.#.#...#.#
....##########.######.#.#.#.#.#
....'...[....#........#.#.###.#
....########.##########.#...#.#
........................###.#.#
.....#######.#....o.......#.#.#
####.........#..s.O.......#.#.#
####################o.....#.#.#
....................o.......#.#
..[..................>........#
.......####.######.#....#.#####
.............).....#....<...#
.†......###.#####.##...)..#.#
................#+#..[....#.#
........###.##### ##..#.#.#.#


You could see an ogre and 2 orc priests.

Vanquished Creatures
  Prince Ribbit (D:5)
  Sigmund (D:5)
  An ice beast (D:5)
  An ogre (D:5)
  A centaur (D:5)
  A crimson imp (D:5)
  3 hounds (D:4)
  An orc priest (D:5)
  A bullfrog skeleton (D:4)
  2 iguanas
  3 worker ants
  An adder (D:3)
  2 shadow imps (D:5)
  3 worms
  3 dart slugs (D:3)
  2 leopard geckos
  8 orcs
  4 giant cockroaches
  7 goblins
  5 hobgoblins
  17 jackals
  8 kobolds
  3 quokkas
  2 ball pythons
  5 bats
  6 frilled lizards
  7 rats
99 creatures vanquished.

Notes
Turn   | Place    | Note
-------+----------+-------------------------------------------
     0 | D:1      | Kagalorn the Draconian Transmuter began the quest for the
                  | Orb.
     0 | D:1      | Reached XP level 1. HP: 16/16 MP: 3/3
   231 | D:1      | Reached XP level 2. HP: 23/23 MP: 5/5
   817 | D:2      | Reached skill level 4 in Unarmed Combat
   817 | D:2      | Reached XP level 3. HP: 20/28 MP: 4/6
  1100 | D:2      | Found a shimmering altar of Xom.
  1286 | D:2      | Found a hide-covered altar of Uskayaw.
  1322 | D:2      | Reached XP level 4. HP: 35/35 MP: 5/7
  1540 | D:2      | Found a faded altar of an unknown god.
  1588 | D:2      | Found a sacrificial altar of Ru.
  2121 | D:3      | Found a shadowy altar of Dithmenos.
  2158 | D:3      | Found an ancient bone altar of Kikubaaqudgha.
  2654 | D:3      | Reached skill level 5 in Unarmed Combat
  2821 | D:4      | Reached XP level 5. HP: 23/40 MP: 6/8
  3388 | D:4      | Noticed a phantom
  3393 | D:4      | Found a sparkling altar of Nemelex Xobeh.
  3393 | D:4      | Found a glowing silver altar of Zin.
  3606 | D:4      | Reached skill level 6 in Unarmed Combat
  3617 | D:4      | Reached XP level 6. HP: 33/47 MP: 9/9
  3911 | D:5      | Entered Level 5 of the Dungeon
  3962 | D:5      | Noticed an ice beast
  3999 | D:4      | Learned a level 3 spell: Spider Form
  4000 | D:5      | Found Ibbeam's Assorted Antiques.
  4007 | D:5      | Bought a scroll labeled GABAIPEO BIEMUH for 27 gold pieces
  4007 | D:5      | Bought a scroll labeled KIOREDWEG for 27 gold pieces
  4007 | D:5      | Bought a bubbling red potion for 24 gold pieces
  4007 | D:5      | Bought a scroll labeled GIPTYA YKYESK for 27 gold pieces
  4007 | D:5      | Bought a ruby potion for 24 gold pieces
  4308 | D:5      | Reached skill level 1 in Stealth
  4331 | D:5      | Killed an ice beast
  4406 | D:5      | Noticed Sigmund
  4456 | D:5      | Killed Sigmund
  4456 | D:5      | Reached skill level 7 in Unarmed Combat
  4456 | D:5      | Reached skill level 1 in Poison Magic
  4456 | D:5      | Your scales start taking on a rich purple colour.
  4456 | D:5      | Reached XP level 7. HP: 43/52 MP: 6/10
  4465 | D:5      | Noticed Prince Ribbit
  4476 | D:5      | Killed Prince Ribbit
  4689 | D:5      | Reached skill level 8 in Unarmed Combat
  5118 | D:5      | Reached XP level 8. HP: 50/59 MP: 9/11
  5175 | D:5      | Found Qieddaj's Jewellery Shoppe.
  5260 | D:5      | Killed from afar by an orc priest

Levels and vault maps discovered:
D:1:      tarquinn_simple_flora_water_c, layout_basic
D:2:      layout_basic, grunt_temple_overflow_open,
          nicolae_overflow_crystal_walls, chequers_ecumenical_altar_simple,
          kennysheep_boxes
D:3:      layout_loops_corners, kiku_gazebo_garden_becter,
          grunt_dithmenos_smoke_and_mirrors, first_ration,
          kennysheep_generic_room_6
D:4:      layout_cave_pods, amethyst_overflow_temple_binary
D:5:      layout_basic, fedhas_altar_fruit_tree, lemuel_temple_firewalk_b,
          serial_shops, nicolae_shop_waterfront, shop, shop, kennysheep_mini,
          uniq_sigmund, uniq_prince_ribbit1

Skill      XL: |  1  2  3  4  5  6  7 |
---------------+----------------------+-----
Unarmed Combat | 4 5 6 7 8 |  8.3
Transmutations | 3 4 |  4.6
Stealth        | 1 2 |  2.0
Poison Magic   | 1 |  1.2
Fighting       | |  1.1
Dodging        | |  1.7
Spellcasting   | |  2.4

Action                   |  1- 3 |  4- 6 |  7- 9 || total
-------------------------+-------+-------+-------++-------
Melee: Unarmed           |    99 |   207 |    44 ||   350
       Kick              |     4 |       |       ||     4
       Tailslap          |    12 |    18 |     1 ||    31
       Headbutt          |     9 |    22 |     1 ||    32
       Punch             |     2 |     5 |       ||     7
 Cast: Beastly Appendage |    17 |    28 |     2 ||    47
       Spider Form       |       |     3 |     4 ||     7
  Use: Scroll            |       |    11 |       ||    11
 Stab: Sleeping          |     1 |     1 |     2 ||     4
       Distracted        |       |     1 |       ||     1
  Eat: Chunk             |     1 |    12 |     2 ||    15
Armor: Skin              |    23 |    68 |     3 ||    94
Dodge: Dodged            |    41 |   132 |    28 ||   201
